 Dungeon Crawl Stone Soup version 0.24.0-123-gd5b16e6ec5 (webtiles) character file.

Game seed: 11394950431979868671, levelgen mode: deterministic

28 Chiseanne the Magician (level 3, 24/24 HPs)
             Began as a Demonspawn Wizard on Jan 21, 2020.
             Quit the game on level 1 of the Dungeon.
             The game lasted 00:01:54 (1309 turns).

Chiseanne the Magician (Demonspawn Wizard)          Turns: 1309, Time: 00:01:54

Health: 24/24      AC:  2    Str:  7    XL:     3   Next: 0%
Magic:  5/8        EV: 12    Int: 20    God:
Gold:   50         SH:  0    Dex: 11    Spells: 8/9 levels left

rFire    . . .     SeeInvis .   e - +0 short sword
rCold    . . .     Gourm    .   (no shield)
rNeg     . . .     Faith    .   a - +0 robe
rPois    .         Spirit   .   b - +0 hat
rElec    .         Reflect  .   (no cloak)
rCorr    .         Harm     .   (no gloves)
MR       .....                  (no boots)
Stlth    ++........             (no amulet)
HPRegen  0.08/turn              (no ring)
MPRegen  0.11/turn              (no ring)

@: very slightly contaminated
A: claws 1, powered by pain 1
a: no special abilities


You were on level 1 of the Dungeon.
You were not hungry.

You visited 1 branch of the dungeon, and saw 1 of its levels.

You collected 50 gold pieces.

Inventory:

Hand Weapons
 e - a +0 short sword (weapon)
Missiles
 h - 13 arrows
 i - 31 stones (quivered)
Armour
 a - a +0 robe (worn)
 b - a +0 hat (worn)
Scrolls
 c - a scroll of remove curse {unknown}
 g - a scroll of identify {unknown}
 l - a scroll of magic mapping {unknown}
Potions
 f - a potion of mutation {unknown}
 j - a potion of curing {unknown}
Comestibles
 d - 2 rations
 k - 4 chunks of flesh


   Skills:
 - Level 1.7 Dodging
 - Level 1.7 Stealth
 * Level 3.5 Spellcasting
 * Level 2.2 Conjurations
   Level 1.0 Summonings
   Level 0.8 Translocations


You had 8 spell levels left.
You knew the following spells:

 Your Spells              Type           Power        Failure   Level  Hunger
a - Magic Dart            Conj           ##..         5%          1    None

Your spell library contained the following spells:

 Spells                   Type           Power        Failure   Level  Hunger
 Blink                    Tloc           N/A          14%         2    ##.....
 Call Imp                 Summ           #.......     14%         2    ##.....
 Slow                     Hex            #.......     21%         2    ##.....
 Conjure Flame            Conj/Fire      #.......     26%         3    ###....
 Mephitic Cloud           Conj/Pois/Air  #.......     30%         3    ###....


Dungeon Overview and Level Annotations

Branches:
Dungeon (1/15)

Altars:


Innate Abilities, Weirdness & Mutations

You have sharp fingernails.
You sometimes gain a little power by taking damage.


Message History

Aim: a rat (resting)
You miscast Magic Dart.
You are very lightly contaminated with residual magic.
Nothing appears to happen.
A rat is nearby!
Casting: Magic Dart (safe; 6% risk of failure)
Confirm with . or Enter, or press ? or * to list all spells.
Aiming: Magic Dart (safe; 6% risk of failure)
Press: ? - help, Shift-Dir - straight line, f/p - rat
Aim: a rat (resting)
The magic dart hits the rat.
You kill the rat!
You have reached level 3!
Your experience leads to an increase in your attributes!
Increase (S)trength, (I)ntelligence, or (D)exterity?
You feel clever.
You feel monstrous as your demonic heritage exerts itself.
Your demonic ancestry asserts itself...
Your fingernails lengthen.
Are you sure you want to abandon this character and quit the game? (Confirm with "yes".)

#.#†#### ## #.#.# .#
.#.#.# ##.##...#.# #
......#.#.# # #
#.....#.#.########
####.##.#...#.#........#
........#...#.#..#####.#
#......@##.##..........#
#................#######
#......###.##..#........
#.###.# #.##.....#####.
# #. #..#.###.#..... #†
##.#.###....#.. #
#..........#.#
##......#..#..
#..###.#.....


There were no monsters in sight!

Vanquished Creatures
  An ooze (D:1)
  2 dart slugs (D:1)
  A ball python (D:1)
  2 bats (D:1)
  A giant cockroach (D:1)
  3 goblins (D:1)
  4 hobgoblins (D:1)
  A frilled lizard (D:1)
  3 kobolds (D:1)
  2 rats (D:1)
20 creatures vanquished.

Notes
Turn   | Place    | Note
-------+----------+-------------------------------------------
     0 | D:1      | Chiseanne the Demonspawn Wizard began the quest for the
                  | Orb.
     0 | D:1      | Reached XP level 1. HP: 13/13 MP: 4/4
   788 | D:1      | Gained mutation: You sometimes gain a little power by
                  | taking damage. [demonic ancestry]
   788 | D:1      | Reached XP level 2. HP: 19/19 MP: 4/6
  1308 | D:1      | Gained mutation: You have sharp fingernails. [demonic
                  | ancestry]
  1308 | D:1      | Reached XP level 3. HP: 24/24 MP: 5/8
  1309 | D:1      | Quit the game

Levels and vault maps discovered:
D:1:      psy_arrival_conway, layout_basic

Skill      XL: |  1  2 |
---------------+-------+-----
Conjurations   | 2 |  2.2
Dodging        | |  1.7
Stealth        | |  1.7
Spellcasting   | |  3.5
Summonings     | |  1.0
Translocations | |  0.8

Action                   || total
-------------------------++-------
Melee: Unarmed           ||    38
       Short sword       ||     2
 Cast: Magic Dart        ||    50
  Eat: Chunk             ||     1
Armor: Robe              ||    11
Dodge: Dodged            ||    55
